 Dungeon Crawl Stone Soup version 0.19.1-1-g22dce08 (webtiles) character file.

441 Jynx the Gusty (level 6, -1/36 HPs)
             Began as a High Elf Air Elementalist on Jan 7, 2017.
             Slain by an ice beast (10 damage)
             ... on level 5 of the Dungeon.
             The game lasted 00:08:09 (3922 turns).

Jynx the Gusty (High Elf Air Elementalist)          Turns: 3922, Time: 00:08:09

Health: -1/36      AC:  1    Str:  8    XL:     6   Next: 71%
Magic:  9/13       EV: 13    Int: 20    God:
Gold:   209        SH:  0    Dex: 16    Spells: 4 memorised, 5 levels left

rFire  . . .     SeeInvis .     (no weapon)
rCold  . . .     Gourm    .     q - -2 robe (curse)
rNeg   + . .     Faith    .     (no shield)
rPois  .         Spirit   .     (no helmet)
rElec  .         Reflect  .     e - +0 cloak
rCorr  .         Harm     .     (no gloves)
MR     .....     Rnd*Tele +     (no boots)
Stlth  ++........               (no amulet)
                                o - ring of positive energy
                                m - ring of teleportation (curse)

@: sluggish, very slow
A: no striking features
a: no special abilities


You were on level 5 of the Dungeon.
You were very hungry.

You visited 1 branch of the dungeon, and saw 5 of its levels.

You collected 209 gold pieces.

Inventory:

Armour
 a - a +0 robe
 e - a +0 cloak (worn)
 j - a +0 pair of gloves
 q - a cursed -2 robe (worn)
Jewellery
 m - a cursed ring of teleportation (left hand)
 o - a ring of positive energy (right hand)
Scrolls
 p - a scroll of amnesia
Potions
 d - 2 potions of ambrosia
 f - 2 potions of heal wounds {unknown}
 g - 3 potions of curing {unknown}
 h - 2 potions of resistance {unknown}
 l - a potion of might {unknown}
 n - 2 potions of agility {unknown}
 r - a potion of berserk rage {unknown}
 s - a potion of magic {unknown}
Books
 b - a book of Air

   Spells                             Type                      Level
   a - Shock                          Conjuration/Air              1
   b - Swiftness                      Charms/Air                   2
   c - Repel Missiles                 Charms/Air                   2
   d - Static Discharge               Conjuration/Air              3
   e - Lightning Bolt                 Conjuration/Air              5
Comestibles
 c - 3 bread rations
 i - 3 meat rations
 k - a slice of pizza


   Skills:
 - Level 2.1 Dodging
 - Level 2.1 Stealth
 + Level 4.3 Spellcasting
 + Level 4.1 Conjurations
 * Level 6.9 Air Magic


You had 5 spell levels left.
You knew the following spells:

 Your Spells              Type           Power        Failure   Level  Hunger
a - Shock                 Conj/Air       ####         1%          1    None
b - Repel Missiles        Chrm/Air       ###...       4%          2    #......
c - Swiftness             Chrm/Air       ###.....     4%          2    #......
d - Static Discharge      Conj/Air       ####....     4%          3    ###....


Dungeon Overview and Level Annotations

Branches:
Dungeon (5/15)
 Temple: D:4-7

Altars:
Dithmenos
Okawaru
Trog

Annotations:
D:4 Sigmund
D:5 Menkaure


Message History

Found a scroll labeled TIZOSCH JEUNT.
There is a stone staircase leading down here.
You start to feel a little slower.
Sigmund casts a spell at you.
You are confused.
In your confused state, you trip and fall down the stairs.
* * * LOW HITPOINT WARNING * * *
You climb downwards.
Level annotation: Menkaure
There is a stone staircase leading up here.
You're too confused to move!
You are feeling very hungry.
You bump into the rock wall.
You feel less confused.
You feel sluggish. The ice beast closely misses you. The ice beast hits you.
* * * LOW HITPOINT WARNING * * *
The ice beast freezes you!
You die...

#.# #.## # #..# #..#
. ...# #..# ..#
.###...#####..# ..#
.#............##..#
.<.........<......#
.........$.Y......#
#.#Y...####.###.####
#.#Z...####.# #Y@..#
#.#.#####...###Z##.#
#.#.# #.#.....# #
#.#S# #.#######
#.#.# #. #.#.# #.
#.#.#####.M
.(..?..S...
#.#.######.


You could see an ice beast and a bullfrog zombie.

Vanquished Creatures
  An ogre (D:4)
  A big kobold (D:4)
  A scorpion (D:3)
  An orc priest (D:3)
  A worker ant (D:4)
  2 gnolls (D:3)
  10 adders
  A worm (D:4)
  2 dart slugs
  2 leopard geckos
  5 orcs
  7 bats
  A giant cockroach (D:4)
  11 goblins
  6 hobgoblins
  6 jackals
  A quokka (D:2)
  3 frilled lizards
  8 kobolds
  5 rats
75 creatures vanquished.

Notes
Turn   | Place    | Note
-------+----------+-------------------------------------------
     0 | D:1      | Jynx the High Elf Air Elementalist began the quest for the Orb.
     0 | D:1      | Reached XP level 1. HP: 11/11 MP: 4/4
   165 | D:1      | Reached skill level 4 in Air Magic
   179 | D:1      | Reached XP level 2. HP: 17/17 MP: 4/6
   796 | D:2      | Reached XP level 3. HP: 21/21 MP: 6/8
  1264 | D:2      | Reached skill level 5 in Air Magic
  1264 | D:2      | Reached XP level 4. HP: 27/27 MP: 6/9
  1397 | D:2      | Found a shadowy altar of Dithmenos.
  1397 | D:2      | Found an iron altar of Okawaru.
  1399 | D:2      | Found a bloodstained altar of Trog.
  1601 | D:2      | Learned a level 2 spell: Repel Missiles
  1604 | D:2      | Learned a level 2 spell: Swiftness
  1608 | D:2      | Learned a level 3 spell: Static Discharge
  1853 | D:3      | Noticed an orc warrior
  2173 | D:3      | Reached XP level 5. HP: 24/31 MP: 6/11
  3385 | D:4      | Reached skill level 6 in Air Magic
  3619 | D:4      | Reached XP level 6. HP: 31/36 MP: 2/12
  3845 | D:4      | Noticed Sigmund
  3855 | D:5      | Entered Level 5 of the Dungeon
  3867 | D:5      | Noticed a sky beast
  3867 | D:5      | Noticed an ice beast
  3886 | D:5      | Noticed Menkaure
  3922 | D:5      | Slain by an ice beast

Skill      XL: |  1  2  3  4  5  6 |
---------------+-------------------+-----
Air Magic      | 4 5 6 |  6.9
Conjurations   | 2 3 4 |  4.1
Spellcasting   | 3 4 |  4.3
Dodging        | |  2.1
Stealth        | |  2.1

Action                   |  1- 3 |  4- 6 || total
-------------------------+-------+-------++-------
Melee: Unarmed           |     6 |       ||     6
 Cast: Shock             |    71 |   122 ||   193
       Swiftness         |       |     2 ||     2
  Use: Scroll            |       |     5 ||     5
  Eat: Chunk             |     1 |     7 ||     8
Armor: Robe              |     6 |     8 ||    14
Dodge: Dodged            |    10 |    35 ||    45
